 Dungeon Crawl Stone Soup version 0.13.0-29-gdb529de (webtiles) character file.

201969 Lilouch the Eclecticist (level 17, -12/92 HPs)
             Began as a Deep Elf Fire Elementalist on Nov 11, 2013.
             Was the Champion of Kikubaaqudgha.
             Mangled by a fire giant
             ... wielding a +0,+0 great sword of flaming
              (15 damage)
             ... on Level 15 of the Dungeon on Nov 13, 2013.
             The game lasted 10:24:56 (56159 turns).

Lilouch the Eclecticist (DEFE)                     Turns: 56159, Time: 10:24:57

HP -12/92        AC 20     Str  8      XL: 17   Next: 83%
MP  37/41        EV 16     Int 32      God: Kikubaaqudgha [******]
Gold 2854        SH 11     Dex 17      Spells: 14 memorised,  2 levels left

Res.Fire  : . . .   See Invis. : .   X - +5,+0 dagger of Toqergh {elec, rElec rN+}
Res.Cold  : . . .   Warding    : .   Y - +1 leather armour of the Blue Moon {Str+2 Int+3}
Life Prot.: + . .   Conserve   : .   F - +0 buckler
Res.Poison: +       Res.Corr.  : .   (no helmet)
Res.Elec. : +       Clarity    : +   x - +0 cloak
Sust.Abil.: . .     Spirit.Shd : .   E - +2 pair of gloves of Nomin Meo {+Fly rPois Int+2}
Res.Mut.  : .       Stasis     : .   K - +0 pair of boots
Res.Rott. : .       Flight     : .   T - amulet of clarity
Saprovore : . . .                    w - +5 ring of protection
                                     b - +4 ring of protection

@: very resistant to hostile enchantments, extremely stealthy
A: carnivore 1, magic resistance 1, Dex +2
a: Receive Corpses, Torment, Renounce Religion, Evoke Flight
}: 1/15 runes: decaying


You were on level 15 of the Dungeon.
You worshipped Kikubaaqudgha.
Kikubaaqudgha was exalted by your worship.
You were full.

You visited 7 branches of the dungeon, and saw 35 of its levels.
You also visited: Labyrinth, Sewer and Volcano.

You collected 3072 gold pieces.
You spent 238 gold pieces at shops.

Inventory:

Hand weapons
 a - a +0,+2 orcish mace of protection
 h - the +11,+10 dagger of the Viper (quivered) {speed, rN+}
   (You found it on level 4 of the Lair of Beasts)

   Attacks with this weapon take half as long, but cause slightly less damage.
   It protects you from negative energy.
 P - the +2,+6 flail of Punishment {flame, +Rage rF++ Str+4 Dex-2}
   (You found it on level 12 of the Dungeon)

   It emits flame when wielded, causing extra injury to most foes and up to
   double damage against particularly susceptible opponents.
   It affects your strength (+4).
   It affects your dexterity (-2).
   It greatly protects you from fire.
   It lets you go berserk.
 X - the +5,+0 dagger of Toqergh (weapon) {elec, rElec rN+}
   (You found it in a labyrinth)

   Occasionally, upon striking a foe, it will discharge some electrical energy
   and cause terrible harm.
   It insulates you from electricity.
   It protects you from negative energy.
Missiles
 G - 24 darts of dispersal
Armour
 x - a +0 cloak (worn)
 E - the +2 pair of gloves of Nomin Meo (worn) {+Fly rPois Int+2}
   (You found it on level 5 of the Dungeon)

   It affects your intelligence (+2).
   It protects you from poison.
   It lets you fly.
 F - a +0 buckler (worn)
 K - a +0 pair of boots (worn)
 Y - the +1 leather armour of the Blue Moon (worn) {Str+2 Int+3}
   (You found it in a labyrinth)

   It affects your strength (+2).
   It affects your intelligence (+3).
Magical devices
 o - a wand of digging (13)
 M - a wand of heal wounds (8)
 R - a wand of disintegration (3)
Comestibles
 c - 2 bread rations
 d - 4 chunks of yaktaur flesh
 j - a meat ration
Scrolls
 q - 2 scrolls of teleportation
 t - a scroll of fear
 y - a scroll of blinking
 z - a scroll of fog
Jewellery
 b - a +4 ring of protection (left hand)
 e - an uncursed ring of magical power
 l - an uncursed ring of teleport control
 w - a +5 ring of protection (right hand)
 T - an amulet of clarity (around neck)
Potions
 g - a potion of berserk rage
 i - a potion of resistance
 m - 3 potions of invisibility
 r - 5 potions of curing
Magical staves
 Q - an uncursed staff of power
Miscellaneous
 f - a disc of storms
Rods
 v - a +3 lightning rod (12/12)
   (You found it on level 3 of the Lair of Beasts)


   Skills:
 + Level 7.0 Fighting
 - Level 8.6 Armour
 - Level 9.0 Dodging
 - Level 12.7 Stealth
 + Level 3.3 Shields
 * Level 18.4 Spellcasting
 - Level 13.4 Conjurations
 - Level 12.6 Necromancy
 + Level 4.0 Transmutations
 - Level 12.6 Fire Magic
 - Level 5.2 Air Magic
 * Level 9.7 Evocations


You had 2 spell levels left.
You knew the following spells:

 Your Spells              Type           Power        Failure   Level  Hunger
a - Flame Tongue          Conj/Fire      #####        0%          1    None
b - Throw Flame           Conj/Fire      ######       0%          2    None
c - Conjure Flame         Conj/Fire      #######.     1%          3    None
d - Sticky Flame          Conj/Fire      #######.     1%          4    None
e - Fireball              Conj/Fire      #######...   1%          5    None
f - Vampiric Draining     Necr           #######...   1%          3    None
g - Apportation           Tloc           ####......   1%          1    None
h - Borgnjor's Revivific  Necr           #######...   8%          7    ###....
i - Dispel Undead         Necr           #######.     1%          5    None
j - Regeneration          Chrm/Necr      ######....   1%          3    None
k - Alistair's Intoxicat  Trmt/Pois      #####...     8%          4    None
l - Passwall              Trmt/Erth      #####.....   1%          3    None
m - Invisibility          Hex            ####....     99%         6    None
n - Mephitic Cloud        Conj/Pois/Air  ######..     1%          3    None


Dungeon Overview and Level Annotations

Branches:
Dungeon (15/27)            Temple (1/1) D:4             Orc (4/4) D:8
    Elf (0/3) Orc:3          Lair (8/8) D:13          Swamp (5/5) Lair:3
 Spider (1/5) Lair:5        Slime (1/6) Lair:6
 Vaults: D:15-20

Altars:
Ashenzari
Cheibriados
Elyvilon
Fedhas
Kikubaaqudgha
Makhleb
Nemelex Xobeh
Okawaru
Sif Muna
Trog
Vehumet
Xom
Yredelemnul
Zin
the Shining One
Beogh

Shops:
D:4 (   D:6 !   Orc:3 !   Orc:4 %=%?

Annotations:
Spider:1 Harold


Innate Abilities, Weirdness & Mutations

You are agile. (Dex +2)
Your digestive system is specialised to digest meat.
You are resistant to hostile enchantments.


Message History

Welcome back, Lilouch the Deep Elf Fire Elementalist.
Kikubaaqudgha says: Spread unending torment and darkness!
Press ? for a list of commands and other information.
Use which ability? (? or * to list)
Okay, then.
Cast which spell? (? or * to list)
You radiate an intoxicating aura.
The fire giant points at you and mumbles some strange words.
The fireball explodes!
The fireball engulfs you!
* * * LOW HITPOINT WARNING * * *
The fireball engulfs the fire giant.
The fire giant resists.
Evoke which item? (* to show all) (? for menu, Esc to quit)
Zapping:
M - a wand of heal wounds (9)
Press: ? - help, Shift-Dir - straight line, f - you You feel much better.
This wand has 8 charges left.
The fire giant hits you with a great sword of flaming!
* * * LOW HITPOINT WARNING * * *
The fire giant burns you!
You die...
Kikubaaqudgha rasps: "You have failed me!
Welcome... death!"

#...........# #..........#
#...........# #..........#
#...........# #..........#
#)%[........# #..........#
#)..........# #..........#
###...........####≈.........#
.##...........##.'..........#
.##...........##.#..........#
..+....)....§§##@#..........#
(.%...........'C.#..........#
#####%....>§§.#####'#########
#%###'##### #...# #.....#
###'######### #%########
#...........# #%)....)..
#...........# #.........
#.........(.# #........
#...........#


You could see a fire giant.

Vanquished Creatures
  A deep elf blademaster (Lair:1)
  The ghost of Protee the Geomancer, a powerful GrEE of Sif Muna (Swamp:3)
  The ghost of thfral the Cruncher, a powerful MiGl of Zin (Lair:6)
  The ghost of Feuerwolf the Fighter, a powerful GrFi of Xom (Orc:4)
  2 dragons
  A minotaur (Lab)
  Fannar (D:13)
  31 hydras
  7 alligators
  Erica (D:11)
  The ghost of thfral the Slicer, a powerful KoBe of Trog (D:12)
  5 death yaks (Lair:8)
  A centaur warrior (Orc:4)
  A very ugly thing (Swamp:3)
  A catoblepas (Lair:8)
  An unseen horror (shapeshifter) (D:15)
  5 skeletal warriors (D:14)
  Erolcha (Orc:4)
  2 necromancers
  14 swamp dragons
  6 orc knights
  3 giant amoebae (Lair:6)
  7 hill giants
  5 red wasps
  3 wolf spiders
  4 griffons
  2 orc sorcerers
  8 black mambas
  The ghost of Saegge the Slinger, an experienced HaHu of Makhleb (D:7)
  3 cyclopes
  10 elephants
  An item mimic (D:9)
  24 spiny frogs
  A vapour (Swamp:5)
  A feature mimic (Orc:4)
  4 fire drakes
  A brown ooze (Lair:6)
  12 komodo dragons
  6 trolls
  3 yaktaurs (D:15)
  4 wandering mushrooms (Lair:6)
  4 jumping spiders (Lair:5)
  2 two-headed ogres
  12 giant leeches
  20 slime creatures
  3 baby alligators (Swamp:5)
  A boulder beetle (Lair:6)
  9 bog bodies
  25 blink frogs
  3 basilisks
  A trapdoor spider (D:12)
  A shadow (D:15)
  A wraith (D:11)
  3 wyverns
  3 hill giant zombies
  41 yaks
  12 ugly things
  A redback (Lair:5)
  A shark (D:9)
  2 clay golems (Volcano)
  2 golden eyes (Slime:1)
  8 hippogriffs
  Grum (D:13)
  2 steam dragons (Lair:8)
  A hungry ghost (D:9)
  27 vampire mosquitoes
  2 hill giant skeletons
  6 manticores
  4 wolves
  A merfolk (D:10)
  20 swamp drakes
  67 swamp worms
  Edmund (D:6)
  3 mottled dragons
  2 agate snail zombies (Lair:4)
  9 porcupines
  3 necrophages
  3 sky beasts
  43 orc warriors
  6 ice beasts
  4 phantoms
  4 black bears
  22 centaurs
  13 ogres
  6 giant goldfish
  A hill giant simulacrum (D:14)
  Duvessa (D:8)
  3 big kobolds
  12 giant slugs
  27 crocodiles
  2 boring beetles
  23 giant frogs
  A komodo dragon zombie (Lair:4)
  The ghost of Lilouch the Firebug, an average DEFE (D:3)
  A brain worm (Lair:8)
  A warg (Orc:4)
  A yaktaur skeleton (D:13)
  14 agate snails
  24 insubstantial wisps
  13 killer bees
  18 water moccasins
  An eye of draining (D:13)
  3 troll zombies
  A boulder beetle zombie (D:15)
  5 jellyfish
  2 yak skeletons (D:12)
  A troll skeleton (D:15)
  17 electric eels
  5 fire bats (Volcano)
  25 orc priests
  8 wights
  9 crimson imps
  A giant frog zombie (D:12)
  A spectral giant frog (D:12)
  Dowan (D:8)
  10 big fish
  2 basilisk zombies
  7 jellies
  A giant frog skeleton (D:8)
  4 human zombies (D:13)
  8 hounds
  5 scorpions
  A two-headed ogre skeleton (D:8)
  A centaur skeleton (D:12)
  A soldier ant zombie (D:12)
  An orange rat (D:8)
  27 orc wizards
  12 worker ants
  9 iguanas
  5 grizzly bear simulacra (Lair:5)
  23 sheep
  A crocodile zombie (Lair:4)
  A big kobold zombie (D:12)
  A hound zombie (D:8)
  A mottled dragon skeleton (D:12)
  2 big kobold skeletons
  A mummy (D:13)
  3 gnolls (D:8)
  28 adders
  2 hound simulacra (Lair:5)
  A human skeleton (D:13)
  6 giant centipedes
  3 giant mites
  74 green rats
  2 inept item mimics
  A goliath beetle zombie (D:11)
  4 worms
  An adder zombie (D:6)
  An iguana zombie (D:6)
  7 grey rats
  An iguana skeleton (D:4)
  An adder skeleton (D:9)
  3 giant eyeballs
  9 giant geckos
  An ooze (D:4)
  169 orcs
  3 sheep simulacra (Lair:5)
  3 ball pythons
  7 giant cockroaches
  24 goblins
  11 hobgoblins
  29 jackals
  27 kobolds
  12 quokkas
  23 bats
  7 giant newts
  2 giant spores
  A hobgoblin skeleton (D:6)
  A hobgoblin zombie (D:5)
  A jackal zombie (D:8)
  An orc zombie (D:13)
  46 rats
  A rat simulacrum (Lair:5)
  4 ballistomycetes
  A bush (Lair:5)
  9 butterflies (Swamp:3)
  9 fungi
  10 plants
1489 creatures vanquished.

Vanquished Creatures (collateral kills)
  A red wasp (Swamp:3)
  2 insubstantial wisps (Swamp:3)
3 creatures vanquished.

Vanquished Creatures (others)
  A griffon (D:15)
  4 fungi
  3 plants
8 creatures vanquished.

Grand Total: 1500 creatures vanquished

Notes
Turn   | Place    | Note
--------------------------------------------------------------
     0 | D:1      | Lilouch, the Deep Elf Fire Elementalist, began the quest for the Orb.
     0 | D:1      | Reached XP level 1. HP: 10/10 MP: 4/4
   310 | D:1      | Reached XP level 2. HP: 13/15 MP: 0/6
   932 | D:1      | Learned a level 2 spell: Throw Flame
  1012 | D:1      | Reached XP level 3. HP: 19/19 MP: 1/9
  1699 | D:3      | Noticed Lilouch's ghost (average DEFE)
  1711 | D:3      | Learned a level 3 spell: Conjure Flame
  1721 | D:3      | Killed Lilouch's ghost
  1721 | D:3      | Reached skill level 4 in Fire Magic
  1721 | D:3      | Reached XP level 4. HP: 6/24 MP: 8/12
  2010 | D:3      | Found a snail-covered altar of Cheibriados.
  2010 | D:3      | Found a radiant altar of Vehumet.
  2042 | D:3      | Reached XP level 5. HP: 28/28 MP: 12/15
  2175 | D:3      | Learned a level 4 spell: Sticky Flame
  2183 | D:3      | You fall through a shaft!
  2183 | D:5      | Entered Level 5 of the Dungeon
  2235 | D:6      | Noticed Edmund
  2444 | D:5      | Noticed a centaur
  2804 | D:5      | Killed a centaur
  2804 | D:5      | Reached XP level 6. HP: 20/32 MP: 9/18
  2886 | D:5      | Noticed an ogre
  2892 | D:5      | Killed an ogre
  3015 | D:5      | Got a pair of ancient gloves
  3018 | D:5      | Identified the +2 pair of gloves of Nomin Meo {+Fly rPois Int+2} (You found it on level 5 of the Dungeon)
  3177 | D:4      | Found a staircase to the Ecumenical Temple.
  3187 | Temple   | Entered the Ecumenical Temple
  3286 | Temple   | Became a worshipper of Kikubaaqudgha
  3553 | D:4      | Found a glowing drain.
  3617 | D:4      | Reached skill level 5 in Conjurations
  3706 | Sewer    | Entered a sewer
  3784 | Sewer    | Reached skill level 5 in Stealth
  3784 | Sewer    | Reached XP level 7. HP: 36/36 MP: 6/21
  3943 | D:4      | Paralysed by a giant eyeball for 3 turns
  4065 | D:4      | Found Guhixtet's Weapon Shoppe.
  4457 | D:3      | Learned a level 5 spell: Fireball
  4513 | D:3      | Acquired Kikubaaqudgha's first power
  4513 | D:3      | Received a gift from Kikubaaqudgha
  4514 | D:3      | Identified Kikubaaqudgha's Compendium of Black Secrets (Kikubaaqudgha gifted it to you on level 3 of the Dungeon)
  4971 | D:4      | Reached skill level 5 in Spellcasting
  4999 | D:5      | Reached skill level 6 in Conjurations
  5175 | D:5      | Noticed a black bear
  5182 | D:5      | Killed a black bear
  5182 | D:5      | Reached skill level 5 in Fire Magic
  5537 | D:6      | Acquired Kikubaaqudgha's second power
  5627 | D:6      | Noticed an ogre
  5632 | D:6      | Killed an ogre
  5632 | D:6      | Reached XP level 8. HP: 41/41 MP: 14/24
  5719 | D:6      | Noticed a centaur
  5724 | D:6      | Killed a centaur
  5768 | D:6      | Killed Edmund
  5849 | D:6      | Reached skill level 7 in Conjurations
  5860 | D:6      | Gained mutation: You are resistant to hostile enchantments. [mutagenic meat]
  6131 | D:6      | Learned a level 3 spell: Vampiric Draining
  6212 | D:6      | Found Qamn's Distillery.
  6253 | D:6      | Bought a potion of heal wounds for 39 gold pieces
  6253 | D:6      | Bought a potion of curing for 26 gold pieces
  6253 | D:6      | Bought a potion of heal wounds for 39 gold pieces
  6253 | D:6      | Bought a potion of heal wounds for 39 gold pieces
  6253 | D:6      | Bought a potion of curing for 26 gold pieces
  6253 | D:6      | Bought a potion of paralysis for 13 gold pieces
  6542 | D:7      | Reached skill level 1 in Necromancy
  6782 | D:7      | Noticed Saegge's ghost (experienced HaHu)
  6790 | D:7      | Killed Saegge's ghost
  6790 | D:7      | Reached XP level 9. HP: 43/45 MP: 6/26
  7050 | D:7      | Reached skill level 8 in Conjurations
  7317 | D:8      | You fall through a shaft!
  7320 | D:9      | Received a gift from Kikubaaqudgha
  7321 | D:9      | Identified Kikubaaqudgha's Catalogue of Stolen Souls (Kikubaaqudgha gifted it to you on level 9 of the Dungeon)
  7461 | D:8      | Found a staircase to the Orcish Mines.
  7516 | D:8      | Found a white marble altar of Elyvilon.
  7826 | D:8      | Noticed Duvessa
  7827 | D:8      | Noticed Dowan
  7829 | D:8      | Killed Dowan
  7860 | D:8      | Killed Duvessa
  8125 | D:8      | Reached skill level 9 in Conjurations
  8325 | D:8      | Acquired Kikubaaqudgha's third power
  8632 | D:8      | Found a burning altar of Makhleb.
  8632 | D:8      | Noticed a blizzard demon
  8784 | D:8      | Reached skill level 5 in Dodging
  9066 | D:8      | Found a roughly hewn altar of Beogh.
  9162 | D:8      | Reached XP level 10. HP: 50/50 MP: 20/28
  9299 | D:9      | HP: 1/50 [orc warrior/orcish glaive (19)]
  9328 | D:9      | Reached skill level 5 in Necromancy
 10055 | D:9      | Reached skill level 10 in Conjurations
 10173 | D:9      | Acquired Kikubaaqudgha's fourth power
 10366 | D:9      | Reached skill level 1 in Fighting
 10806 | D:10     | Entered Level 10 of the Dungeon
 10964 | D:6      | Learned a level 1 spell: Flame Tongue
 11160 | D:10     | Identified a scroll of acquirement
 11262 | D:10     | Reached skill level 1 in Armour
 11481 | D:10     | Noticed a four-headed hydra
 11496 | D:10     | Killed a four-headed hydra
 12040 | D:10     | Reached skill level 5 in Armour
 12045 | D:10     | Reached XP level 11. HP: 55/55 MP: 17/29
 12224 | D:10     | Noticed a hill giant
 12229 | D:10     | Paralysed by a giant eyeball for 4 turns
 12239 | D:10     | Killed a hill giant
 12698 | D:10     | Noticed a hill giant
 12704 | D:10     | Killed a hill giant
 13018 | D:10     | Noticed a hill giant
 13032 | D:10     | Killed a hill giant
 13613 | D:11     | Noticed a hill giant
 13896 | D:11     | Noticed Erica
 13918 | D:11     | Killed Erica
 13991 | D:11     | Killed a hill giant
 16041 | D:12     | Got a fine flail
 16050 | D:12     | Identified the flail of Punishment {flame, +Rage rF++ Str+4 Dex-2} (You found it on level 12 of the Dungeon)
 16191 | D:12     | Noticed thfral's ghost (powerful KoBe)
 16200 | D:12     | Killed thfral's ghost
 16493 | D:12     | Noticed a hill giant
 16512 | D:12     | Killed a hill giant
 16864 | D:12     | Reached XP level 12. HP: 62/62 MP: 20/31
 17920 | D:13     | Found a staircase to the Lair.
 17920 | D:13     | Noticed Grum
 18263 | D:13     | Reached skill level 10 in Stealth
 18385 | D:13     | Noticed Fannar
 18394 | D:13     | Killed Fannar
 18807 | D:13     | Killed Grum
 18865 | Lair:1   | Entered Level 1 of the Lair of Beasts
 19209 | Lair:1   | Found a dark tunnel.
 19232 | Volcano  | Entered a volcano
 19626 | Volcano  | Found a radiant altar of Vehumet.
 20009 | Volcano  | Reached skill level 5 in Fighting
 21206 | Temple   | Received a gift from Kikubaaqudgha
 22722 | Lair:2   | Learned a level 1 spell: Apportation
 22907 | Lair:2   | Reached skill level 11 in Stealth
 23438 | Lair:2   | Got an ancient dagger
 23740 | Lair:3   | Noticed a five-headed hydra
 23870 | Lair:3   | Killed a five-headed hydra
 24023 | Lair:3   | Reached XP level 13. HP: 69/69 MP: 7/32
 24320 | Lair:3   | Found a staircase to the Swamp.
 25138 | Lair:3   | Noticed a seven-headed hydra
 25154 | Lair:3   | Killed a seven-headed hydra
 25673 | Lair:4   | Found a labyrinth entrance.
 25746 | Lab      | Entered a labyrinth
 25952 | Lab      | Got a shimmering brass amulet
 25953 | Lab      | Got a shimmering dagger
 25953 | Lab      | Got a brightly glowing leather armour
 26135 | Lair:1   | Identified the amulet of Wieshu {Inacc MR+} (You found it in a labyrinth)
 26142 | Lair:1   | Identified the dagger of Toqergh {elec, rElec rN+} (You found it in a labyrinth)
 26159 | Lair:1   | Identified the +1 leather armour of the Blue Moon {Str+2 Int+3} (You found it in a labyrinth)
 26219 | Lair:1   | Identified the cursed dagger of the Realm of Zot {antimagic, rPois} (You found it on level 2 of the Lair of Beasts)
 26255 | Lair:1   | Learned a level 7 spell: Borgnjor's Revivification
 26374 | Lair:1   | Noticed Ghiebenk
 26389 | Lair:1   | Killed Ghiebenk the deep elf blademaster
 26634 | Lair:3   | Reached skill level 10 in Necromancy
 27010 | Lair:4   | Reached skill level 12 in Stealth
 27377 | Lair:4   | Got a twisted dagger
 28040 | Lair:5   | Reached skill level 10 in Spellcasting
 28399 | Lair:5   | Found a hole to the Spider Nest.
 29683 | Lair:6   | Noticed thfral's ghost (powerful MiGl)
 30065 | Lair:6   | Identified the +11,+10 dagger of the Viper {speed, rN+} (You found it on level 4 of the Lair of Beasts)
 30507 | Lair:1   | Learned a level 5 spell: Dispel Undead
 30594 | Lair:1   | Reached XP level 14. HP: 74/74 MP: 33/35
 30965 | Lair:6   | Found a staircase to the Slime Pits.
 32052 | Lair:6   | Killed thfral's ghost
 33898 | Lair:7   | Found a shimmering altar of Xom.
 34220 | Lair:8   | Entered Level 8 of the Lair of Beasts
 34899 | Lair:8   | Reached skill level 13 in Spellcasting
 35532 | Lair:8   | Reached skill level 10 in Fire Magic
 35585 | Lair:8   | Reached XP level 15. HP: 66/79 MP: 15/37
 36065 | Lair:8   | Reached skill level 14 in Spellcasting
 36502 | Lair:8   | Learned a level 3 spell: Regeneration
 38085 | Lair:1   | Reached skill level 5 in Air Magic
 38378 | Orc:1    | Entered Level 1 of the Orcish Mines
 39109 | Orc:2    | Found a glowing silver altar of Zin.
 39894 | Orc:3    | Found a staircase to the Elven Halls.
 40086 | Orc:3    | Found Yrorghar's Distillery.
 40136 | Orc:3    | Bought 2 potions of porridge for 24 gold pieces
 40456 | Orc:4    | Entered Level 4 of the Orcish Mines
 40670 | Orc:4    | Noticed Feuerwolf's ghost (powerful GrFi)
 40677 | Orc:4    | Killed Feuerwolf's ghost
 40764 | Orc:4    | Reached skill level 15 in Spellcasting
 41061 | Orc:4    | Found a staircase to the Elven Halls.
 41217 | Orc:4    | Noticed Erolcha
 41222 | Orc:4    | Killed Erolcha
 41697 | Orc:4    | Found Ohigh's Jewellery Shop.
 41697 | Orc:4    | Found Cryilo's Food Shoppe.
 41700 | Orc:4    | Found Cryasch's Food Boutique.
 41702 | Orc:4    | Found Feburu Horu's Magic Scroll Emporium.
 42155 | Orc:4    | the staircase to the Elven Halls was a mimic.
 42163 | Orc:4    | Reached XP level 16. HP: 82/84 MP: 34/39
 42294 | Orc:4    | Bought a scroll of identify for 32 gold pieces
 42726 | Slime:1  | Entered Level 1 of the Pits of Slime
 42832 | Spider:1 | Entered Level 1 of the Spider Nest
 42832 | Spider:1 | Noticed Harold
 43137 | Swamp:1  | Entered Level 1 of the Swamp
 45613 | Swamp:2  | Somebody: Hi.
 45613 | Swamp:2  | Lilouch: hi
 45613 | Swamp:2  | Somebody: It's undead, why are you trying to drain it?
 45613 | Swamp:2  | Somebody: Additionally, congradulations to a colleague.
 45613 | Swamp:2  | Somebody: My Necromancers of Kiku have not been doing so well recently.
 45613 | Swamp:2  | Lilouch: its...too hard\ and iam FE btw)
 45613 | Swamp:2  | Somebody: Huh. Okay.
 45613 | Swamp:2  | Lilouch: )))
 45613 | Swamp:2  | Somebody: You seem to be doing all right.
 45613 | Swamp:2  | Lilouch: all i can use - swamp slime and nest\ and all of them - hard(
 45613 | Swamp:2  | Somebody: I think Swamp will be easier than others.
 45613 | Swamp:2  | Lilouch: once i entered nest\slime - i gained powered kicks( and run away ^_^
 45613 | Swamp:2  | Somebody: Spider should be manageable, too.
 45613 | Swamp:2  | Lilouch: dont think so-sause all i can use from magic-fire school
 45614 | Swamp:2  | Somebody: Where are your minions? I think you are missing out.
 45614 | Swamp:2  | Lilouch: ehm -which minions?)
 45615 | Swamp:2  | Somebody: With Death Channel and Raise Undead you can summon an army of undead minions for almost no cost.
 45615 | Lair:1   | Somebody: Chunks from the flesh of some of them, animated into skeletons, to speed up the process, can be Sublimated to power the process.
 45615 | Swamp:2  | Somebody: Minions?
 45615 | Swamp:2  | Lilouch: you mean haunt?
 45615 | Swamp:2  | Somebody: By now, if you have about 15 Necromancy you can probably get some dragons and/or giants.
 45615 | Swamp:2  | Somebody: No, permanent minions. Like zombies.
 45615 | Swamp:2  | Lilouch: dont think that that simple minions from skeletons can help me
 45615 | Swamp:2  | Somebody: To lesser extent, simulcrae.
 45615 | Swamp:2  | Somebody: ...then a question.
 45615 | Swamp:2  | Lilouch: cant use them
 45621 | Swamp:2  | Somebody: How many hydrae can you raise out of a one you slain? :)
 45623 | Swamp:2  | Lilouch: zero )
 45623 | Swamp:2  | Somebody: I think, up to nine. Skeleton, plus five - eight simularcrae.
 45623 | Swamp:2  | Somebody: This is what I meant by "missing out". :)
 45623 | Swamp:2  | Lilouch: i dont have simulacr things at all
 45623 | Swamp:2  | Lilouch: lol ok
 45623 | Swamp:2  | Lilouch: and they cant leave the level
 45631 | Swamp:2  | Somebody: I'd consider this.
 45633 | Swamp:2  | Somebody: Which reminds me, I'd like to play a DENe myself.
 45633 | Swamp:2  | Lilouch: )))
 45633 | Swamp:2  | Somebody: Come take a look at some point, if you'd like.
 45633 | Swamp:2  | Somebody: Good luck.
 45640 | Swamp:2  | Reached skill level 16 in Spellcasting
 47854 | Swamp:3  | Noticed Protee's ghost (powerful GrEE)
 47857 | Swamp:3  | Killed Protee's ghost
 50118 | Swamp:5  | Entered Level 5 of the Swamp
 50125 | Swamp:5  | Reached skill level 17 in Spellcasting
 51530 | Swamp:5  | Reached XP level 17. HP: 91/91 MP: 3/41
 52524 | Swamp:5  | Got a decaying rune of Zot
 53118 | Lair:1   | Learned a level 4 spell: Alistair's Intoxication
 53122 | Lair:1   | Learned a level 3 spell: Passwall
 53471 | D:13     | Reached skill level 18 in Spellcasting
 53959 | D:13     | Found a basalt altar of Yredelemnul.
 54101 | D:14     | Entered Level 14 of the Dungeon
 54201 | D:14     | Reached skill level 1 in Shields
 54519 | D:14     | Gained mutation: You are agile. (Dex +2) [mutagenic meat]
 54520 | D:14     | Gained mutation: Your digestive system is specialised to digest meat. [mutagenic meat]
 54963 | D:15     | Entered Level 15 of the Dungeon
 55333 | D:15     | Reached skill level 1 in Transmutations
 55836 | Lair:1   | Learned a level 6 spell: Invisibility
 55840 | Lair:1   | Learned a level 3 spell: Mephitic Cloud
 56159 | D:15     | HP: 3/92 [fire giant/great sword of flaming (34)]
 56159 | D:15     | Mangled by a fire giant

Action                   |  1- 3 |  4- 6 |  7- 9 | 10-12 | 13-15 | 16-18 || total
-------------------------+-------+-------+-------+-------+-------+-------++-------
Melee: Unarmed           |     5 |       |       |    11 |       |       ||    16
       Mace              |    26 |       |       |       |       |    12 ||    38
       Spear             |       |    32 |   325 |   158 |       |       ||   515
       Flail             |       |       |     1 |   153 |    27 |     1 ||   182
       Falchion          |       |       |   131 |       |       |       ||   131
       Staff             |       |       |       |       |    60 |    61 ||   121
       Morningstar       |       |       |       |       |     6 |       ||     6
       Dagger            |       |       |       |       |     9 |   145 ||   154
 Fire: Blowgun           |       |     1 |     9 |       |       |       ||    10
Throw: Dagger            |    13 |       |       |       |       |       ||    13
       Dart              |       |       |    13 |     1 |       |       ||    14
 Cast: Flame Tongue      |    81 |    57 |   161 |   276 |   269 |    88 ||   932
       Throw Flame       |     3 |    19 |    68 |   283 |   574 |   102 ||  1049
       Conjure Flame     |     1 |     5 |    20 |    84 |    96 |    16 ||   222
       Sticky Flame      |       |     3 |    13 |    49 |    89 |    37 ||   191
       Fireball          |       |       |    18 |    59 |   280 |   477 ||   834
       Vampiric Draining |       |       |     2 |    23 |    46 |    64 ||   135
       Dispel Undead     |       |       |       |       |     6 |    31 ||    37
       Regeneration      |       |       |       |       |     2 |       ||     2
       Apportation       |       |       |       |       |       |     3 ||     3
       Passwall          |       |       |       |       |       |     6 ||     6
       Mephitic Cloud    |       |       |       |       |       |     2 ||     2
       Alistair's Intoxi |       |       |       |       |       |     2 ||     2
 Abil: Evoke Teleport Co |       |       |       |     1 |       |       ||     1
       Evoke Flight      |       |       |       |       |       |    29 ||    29
       Stop Flying       |       |       |       |       |       |     1 ||     1
Evoke: Wand              |       |       |       |     7 |     4 |    25 ||    36
       Deck              |       |       |       |       |     4 |     2 ||     6
       Rod               |       |       |       |       |     4 |       ||     4
       Miscellaneous     |       |       |       |       |     1 |     4 ||     5
  Use: Potion            |       |     1 |       |    13 |     4 |     4 ||    22
       Scroll            |       |       |    13 |    22 |    16 |    16 ||    67
 Stab: Sleeping          |     1 |     3 |     1 |     6 |       |       ||    11
